 Dungeon Crawl Stone Soup version 0.31-a0-845-g9abc20d24f (webtiles) character file.

Game seed: 8011372508778390478

1521 YaeFeet the Covert (level 8, 0/72 HPs)
             Began as an Octopode Shapeshifter on Oct 2, 2023.
             Was a Believer of Wu Jian.
             Slain by a vampire (7 damage)
             ... on level 6 of the Dungeon.
             The game lasted 00:09:47 (6639 turns).

YaeFeet the Covert (Octopode Shapeshifter)          Turns: 6639, Time: 00:09:48

Health: 0/72       AC: 24    Str: 13    XL:     8   Next: 84%
Magic:  8/8        EV:  2    Int: 13    God:    Wu Jian [**....]
Gold:   75         SH:  0    Dex: 13    Spells: 7/7 levels left

rFire   . . .        f - +0 dagger
rCold   . . .        (no shield)
rNeg    . . .        (helmet currently unavailable)
rPois   +            (no amulet)
rElec   .            (no ring)
rCorr   .            (no ring)
SInv    .            (no ring)
Will    .....        (no ring)
Stlth   ++           (no ring)
HPRegen 0.32/turn    (no ring)
MPRegen 0.11/turn    (no ring)
                     (no ring)

%: no passive effects
@: confused, tree-form, hasted, very quick
A: stationary, stasis, torment immunity, boosted hp, almost no armour,
(amphibious), 8 rings, (camouflage 1), (gelatinous body 1), (nimble swimmer 1),
(tentacles)
a: Renounce Religion, Wall Jump


You were on level 6 of the Dungeon.
You worshipped Wu Jian.
Wu Jian was pleased with you.
You were a tree.
You visited 1 branch of the dungeon, and saw 6 of its levels.
You also visited: Sewer.

You collected 290 gold pieces.
You spent 215 gold pieces at shops.

Inventory:

Hand Weapons
 f - a +0 dagger (weapon)
Missiles
 e - 28 poisoned darts (quivered)
 B - 2 throwing nets
Jewellery
 m - a ring of ice
Talismans
 b - a beast talisman
 c - a flux talisman
Wands
 s - a wand of roots (8)
 A - a wand of polymorph (10)
Scrolls
 k - 3 scrolls of vulnerability
 l - 3 scrolls of fear
 q - a scroll of butterflies
 r - a scroll of fog {unknown}
 u - a scroll of blinking {unknown}
 v - 2 scrolls of teleportation {unknown}
 w - 3 scrolls of torment {unknown}
 y - a scroll of immolation {unknown}
Potions
 a - a potion of lignification
 g - a potion of haste
 h - a potion of enlightenment {unknown}
 j - 2 potions of attraction
 n - 2 potions of cancellation {unknown}
 o - a potion of invisibility {unknown}
 p - a potion of resistance {unknown}
 t - 2 potions of brilliance {unknown}
 x - 2 potions of might {unknown}
 z - 2 potions of magic {unknown}


   Skills:
 - Level 1.0 Fighting
 + Level 6.0 Short Blades
 - Level 2.0 Dodging
 + Level 8.7 Stealth
 - Level 3.0 Unarmed Combat
 + Level 6.4 Shapeshifting


You had 7 spell levels left.
You didn't know any spells.
Your spell library was empty.

Dungeon Overview and Level Annotations

Branches:
Dungeon (6/15)             Temple (0/1) D:4           Sewer (visited)

Altars:
Dithmenos
Ru
Sif Muna
Uskayaw
Wu Jian
The Shining One

Shops:
D:1 *   D:2 *

Annotations:
D:5 1 runed translucent door, WhatIsLove's ghost, novice DjFE


Innate Abilities, Weirdness & Mutations

You are a tree.
Your roots penetrate the ground, keeping you stationary.
You cannot be teleported.
You are immune to unholy pain and torment.
Your maximum health is greatly increased.
You cannot wear most types of armour.
((You are amphibious.))
You can wear up to eight rings at the same time.
((Your skin changes colour to match your surroundings (Stealth+).))
((Your rubbery body absorbs attacks. (AC +1, EV +1)))
((You are camouflaged when in or above water. (Stealth+)))
((You have tentacles for arms and can constrict up to eight enemies at once.))


Message History

Something bites you but does no damage.
You completely miss something. Something hits you but does no damage.
Something bites you!
* * * LOW HITPOINT WARNING * * *
Something draws strength from your injuries!
You smack something!
Something hits you but does no damage. Something bites you.
* * * LOW HITPOINT WARNING * * *
Something draws strength from your injuries!
You miss something. Something hits you.
* * * LOW HITPOINT WARNING * * *
Something bites you but does no damage.
You hit something but do no damage. Something hits you but does no damage.
Something bites you but does no damage.
You feel yourself speed up. Something hits you but does no damage.
Something bites you but does no damage.
You smack something!
Something hits you but does no damage. Something bites you but does no damage.
You smack something!
You are already empty-handed.
f - a +0 dagger (weapon)
Something draws life force from you!
* * * LOW HITPOINT WARNING * * *
You hit something but do no damage. You punch something.
You barely miss something. Something hits you but does no damage.
Something bites you but does no damage.
You hit something. You hit something but do no damage.
You hit something but do no damage.
You hear some strange, mumbled words.
You are confused.
Okay, then.
You miss something. You miss something.
You hear some strange, mumbled words.
You are more confused.
You attack the rock wall.
You swing at nothing.
Something hits you but does no damage. Something bites you!
You die...

#.#..#...............
#.##..........<.)....
#.##.?...............
#.##.................
#.##.#...............
#.##.##.............. #
#.##.##........ .....
#.#.##.##..............
#.#..)♣{.#.#...........
#...#.##.#.#...........
###.#.##.#.#....(......
#.#.##.#.#..#........
#.#......#..##.......
###.####.###...##..(...
#.........##.#..##.....
#.#.####..##.##.###....
#.#..........##.....#.#


There were no monsters in sight!

Vanquished Creatures
  A water moccasin (D:5)
  2 ice beasts (D:6)
  2 ogres (D:4)
  3 kobold brigands (Sewer)
  A scorpion (D:6)
  A howler monkey (D:5)
  3 hounds
  2 jellies
  An orc priest (D:6)
  A sleepcap (D:6)
  An iguana (D:5)
  6 orc wizards
  9 adders
  8 gnolls
  5 river rats (Sewer)
  An ufetubus (D:6)
  6 worms
  A dart slug (D:1)
  18 orcs
  15 endoplasms
  3 giant cockroaches
  9 goblins
  12 hobgoblins
  4 jackals (D:2)
  8 quokkas
  7 ball pythons
  6 bats
  3 frilled lizards
  10 kobolds
  10 rats
159 creatures vanquished.

Notes
Turn   | Place    | Note
-------+----------+-------------------------------------------
     0 | D:1      | YaeFeet the Octopode Shapeshifter began the quest for the
                  | Orb.
     0 | D:1      | Reached XP level 1. HP: 13/13 MP: 1/1
    34 | D:1      | Reached skill level 1 in Stealth
   208 | D:1      | Reached XP level 2. HP: 18/18 MP: 2/2
   709 | D:1      | Reached skill level 2 in Stealth
   713 | D:1      | Found Zephioh's General Store.
   787 | D:1      | Reached skill level 1 in Short Blades
   787 | D:1      | Reached XP level 3. HP: 20/23 MP: 3/3
  1046 | D:1      | Bought a potion of curing for 42 gold pieces
  1159 | D:2      | Found a faded altar of an unknown god.
  1339 | D:2      | Found Yklovijuo's Assorted Antiques.
  1346 | D:2      | Reached XP level 4. HP: 28/28 MP: 4/4
  1352 | D:2      | Bought a scroll labelled KUDDAY DAEKLITS for 26 gold pieces
  1762 | D:2      | Bought a metallic brown potion for 23 gold pieces
  1841 | D:3      | Reached skill level 3 in Stealth
  1903 | D:3      | Found a glowing drain.
  1957 | Sewer    | Entered a sewer
  2146 | Sewer    | Noticed a kobold brigand
  2156 | Sewer    | Killed a kobold brigand
  2157 | Sewer    | Reached skill level 4 in Stealth
  2157 | Sewer    | Reached XP level 5. HP: 23/33 MP: 5/5
  2474 | Sewer    | Noticed a kobold brigand
  2487 | Sewer    | Killed a kobold brigand
  2488 | Sewer    | Reached XP level 6. HP: 33/38 MP: 6/6
  2738 | Sewer    | Reached skill level 5 in Stealth
  3337 | D:3      | Found a shimmering blue altar of Sif Muna.
  3518 | D:3      | Found a hide-covered altar of Uskayaw.
  3525 | D:3      | Found an ornate altar of the Wu Jian Council.
  3525 | D:3      | Found a shadowy altar of Dithmenos.
  3528 | D:3      | Became a worshipper of the Wu Jian Council
  3804 | D:4      | Reached XP level 7. HP: 43/43 MP: 7/7
  3830 | D:4      | Reached skill level 6 in Stealth
  3830 | D:4      | Reached skill level 5 in Shapeshifting
  3918 | D:4      | Found a staircase to the Ecumenical Temple.
  4345 | D:4      | Reached * piety under Wu Jian
  4498 | D:2      | Bought a yellow potion for 23 gold pieces
  4498 | D:2      | Bought a yellow potion for 23 gold pieces
  4498 | D:2      | Bought 3 scrolls labelled IHATEM LIPP for 78 gold pieces
  4981 | D:5      | Entered Level 5 of the Dungeon
  5104 | D:5      | Found a sacrificial altar of Ru.
  5146 | D:5      | Reached skill level 7 in Stealth
  5146 | D:5      | Reached XP level 8. HP: 48/48 MP: 8/8
  5268 | D:5      | Found a runed translucent door.
  5274 | D:5      | Noticed WhatIsLove's ghost (novice DjFE)
  5397 | D:5      | Found a glowing golden altar of the Shining One.
  5408 | D:5      | Reached skill level 5 in Short Blades
  5996 | D:6      | Reached skill level 8 in Stealth
  6047 | D:6      | Reached ** piety under Wu Jian
  6571 | D:6      | Noticed a vampire
  6639 | D:6      | Slain by a vampire

Illustrated notes

Levels and vault maps discovered:
D:1:      tarquinn_simple_flora_water_b, layout_rooms, serial_shops, shop,
          minmay_domino_4
D:2:      layout_loops_ring, serial_shops, nicolae_shop_overgrown_old_shop,
          hellmonk_ecumenical_altar_slurped_away
D:3:      layout_loops_ring, kennysheep_orc_sif_temple,
          gammafunk_temple_overflow_forgotten, gup_sewer_entry_pipe
D:4:      layout_loops_corners, temple_statues
D:5:      layout_basic, nicolae_tso_swordbearing_angel,
          nicolae_ru_sacrificial_ziggurat, ebering_ghost_sewer_d
D:6:      layout_basic

Skill      XL: |  1  2  3  4  5  6  7  8 |
---------------+-------------------------+-----
Stealth        | 1 2 4 5 7 8 |  8.7
Short Blades   | 1 2 3 4 6 |  6.0
Shapeshifting  | 4 5 6 |  6.4
Fighting       | |  1.0
Dodging        | |  2.0
Unarmed Combat | |  3.0

Action                     |  1- 3 |  4- 6 |  7- 9 || total
---------------------------+-------+-------+-------++-------
  Melee: Unarmed           |     8 |       |    11 ||    19
         Constrict         |    14 |    31 |    34 ||    79
         Dagger            |    60 |   130 |   160 ||   350
         Tentacles         |    12 |    35 |    47 ||    94
         Punch             |     1 |     5 |     2 ||     8
  Throw: Dart              |     3 |       |     3 ||     6
Ability: Lunge             |       |       |    17 ||    17
         Whirlwind         |       |       |     4 ||     4
  Evoke: Wand              |       |       |     2 ||     2
    Use: Scroll            |       |     3 |     3 ||     6
         Potion            |       |       |     4 ||     4
   Stab: Sleeping          |     8 |    17 |    15 ||    40
 Armour: Skin              |    28 |    37 |    70 ||   135
  Dodge: Dodged            |    32 |    39 |    61 ||   132

Table legend: (Time is in decaauts)
 A = Elapsed time spent in this place.
 B = Non-inter-level travel time spent in this place.
 C = Inter-level travel time spent in this place.
 D = Time resting spent in this place.
 E = Time spent auto-exploring this place.
 F = Levels seen in this place.
 G = Mean time per level.
                   A        B        C        D        E       F      G
               +--------+--------+--------+--------+--------+-----+--------+
         Total |   6581 |   6004 |    577 |   1055 |   3745 |   7 |  940.1 |
       Dungeon |   5578 |   5001 |    577 |    967 |   3079 |   6 |  929.7 |
         Sewer |   1003 |   1003 |      0 |     88 |    666 |   1 | 1003.0 |
               +--------+--------+--------+--------+--------+-----+--------+

Top non-repeatable levels by time:
     D:4: 1131 daAuts
     D:1: 1060 daAuts
     D:3: 1058 daAuts
   Sewer: 1003 daAuts
     D:5: 892 daAuts
     D:2: 738 daAuts
     D:6: 697 daAuts
